 Dungeon Crawl Stone Soup version 0.21-a0-578-gc6e9d75 (webtiles) character file.

20 tidbits the Scratcher (level 2, -1/12 HPs)
             Began as a Felid Transmuter on Dec 19, 2017.
             Slain by an orc wizard
             ... wielding a +0 dagger
              (2 damage)
             ... on level 3 of the Dungeon.
             The game lasted 00:05:12 (522 turns).

tidbits the Scratcher (Felid Transmuter)             Turns: 522, Time: 00:05:13

Health: -1/12      AC:  1    Str:  6    XL:     2   Next: 58%
Magic:  1/6        EV: 18    Int: 14    God:
Gold:   32         SH:  0    Dex: 16    Spells: 2/5 levels left
                                        Lives:  0   Deaths: 0

rFire    . . .     SeeInvis +     - Unarmed
rCold    . . .     Gourm    .   (shield unavailable)
rNeg     . . .     Faith    .   (armour unavailable)
rPois    .         Spirit   .   (helmet unavailable)
rElec    .         Reflect  .   (cloak unavailable)
rCorr    .         Harm     .   (gloves unavailable)
MR       .....                  (boots unavailable)
Stlth    ++........             (no amulet)
HPRegen  0.04/turn              (no ring)
MPRegen  0.10/turn              (no ring)

@: appendage, quick
A: very small, no armour, no weapons or thrown items, stealth, claws 1, fangs 3,
horns 2, see invisible, carnivore, speed 1, shaggy fur 1, slow metabolism 1,
sharp paws
a: End Transformation


You were on level 3 of the Dungeon.
You were not hungry.
You had grown temporary horns.
You visited 1 branch of the dungeon, and saw 4 of its levels.

You collected 32 gold pieces.

Inventory:

Missiles
 a - 30 arrows
 i - 14 stones
Scrolls
 d - a scroll of magic mapping {unknown}
 f - 2 scrolls of amnesia {unknown}
 g - 2 scrolls of enchant weapon {unknown}
 h - a scroll of identify {unknown}
 j - a scroll of teleportation {unknown}
 k - a scroll of remove curse {unknown}
Potions
 e - a potion of cancellation {unknown}
 l - a potion of lignification {unknown}
Books
 b - a book of Changes

   Spells                             Type                      Level
   a - Beastly Appendage              Transmutation                1
   b - Sticks to Snakes               Transmutation                2
   c - Spider Form                    Transmutation/Poison         3
   d - Ice Form                       Ice/Transmutation            4
   e - Blade Hands                    Transmutation                5
Comestibles
 c - 3 rations


   Skills:
 + Level 1.4 Fighting
 + Level 3.1 Dodging
 + Level 3.2 Unarmed Combat
 + Level 2.2 Spellcasting
 + Level 2.5 Transmutations


You had 2 spell levels left.
You knew the following spells:

 Your Spells              Type           Power        Failure   Level  Hunger
e - Beastly Appendage     Tmut           #.....       9%          1    #......
k - Sticks to Snakes      Tmut           #.......     12%         2    ###....


Dungeon Overview and Level Annotations

Branches:
Dungeon (4/15)
 Temple: D:4-7

Altars:

Annotations:
D:4 Eustachio


Innate Abilities, Weirdness & Mutations

You cannot wear armour.
You are incapable of wielding weapons or throwing items.
Your paws allow you to move quietly. (Stealth)
You have sharp claws.
You have razor-sharp teeth.
You have supernaturally acute eyesight. (SInv)
You are carnivorous and can eat meat at any time.
You cover ground quickly.
You are covered in fur. (AC +1)
You have a slow metabolism.
Your sharp claws are effective at attacking unaware monsters.
You have a pair of horns on your head.


Message History

i - 14 stones
Found 7 gold pieces.
A bat comes into view.
Found a ration and a pair of gloves.
Casting: Beastly Appendage
Confirm with . or Enter, or press ? or * to list all spells.
You grow a pair of large bovine horns.
The bat barely misses you. The bat hits you but does no damage.
You scratch the bat.
You kill the bat!
c - 2 rations (gained 1)
You now have 32 gold pieces (gained 7).
Your transformation is almost over.
You see here a pair of gloves.
j - a pair of gloves You drop a pair of gloves.
Your horns disappear.
a - 32 arrows (gained 20);
j - a scroll labeled AWEW FEZICS A leopard gecko comes into view.
The leopard gecko hisses angrily.
Casting: Beastly Appendage
Confirm with . or Enter, or press ? or * to list all spells.
You don't know that spell.
Casting: Beastly Appendage
Confirm with . or Enter, or press ? or * to list all spells.
You grow a pair of large bovine horns.
You closely miss the leopard gecko. The leopard gecko misses you. x2
You miss the leopard gecko.
You headbutt the leopard gecko, but do no damage.
The leopard gecko misses you.
You barely miss the leopard gecko. Your bite misses the leopard gecko.
The leopard gecko closely misses you.
You barely miss the leopard gecko.
The leopard gecko completely misses you.
You miss the leopard gecko. Your headbutt misses the leopard gecko.
Your transformation is almost over.
The leopard gecko misses you.
You closely miss the leopard gecko. Your headbutt misses the leopard gecko.
The leopard gecko barely misses you.
You miss the leopard gecko. The leopard gecko bites you.
* * * LOW HITPOINT WARNING * * *
You scratch the leopard gecko.
You kill the leopard gecko!
You see here a leopard gecko corpse.
You open the door.
Your horns disappear.
There is an open door here.
Found a scroll labeled VATAUW SOESAUT.
A frilled lizard and a rat come into view.
The helpless frilled lizard fails to defend itself.
You claw the frilled lizard!
You kill the frilled lizard!
Found a fizzy pink potion.
You scratch the rat.
You kill the rat!
k - a scroll labeled VATAUW SOESAUT
l - a fizzy pink potion
Found a scroll labeled ZUOFRU HEDDOABIEPT.
Okay, then.
Casting: Beastly Appendage
Confirm with . or Enter, or press ? or * to list all spells.
You miscast Beastly Appendage.
You are very lightly contaminated with residual magic.
Nothing appears to happen.
Found a ration.
f - 2 scrolls labeled ZUOFRU HEDDOABIEPT (gained 1)
c - 3 rations (gained 1)
Found 2 emerald potions.
A goblin comes into view.
The goblin shouts!
The goblin wields a glowing hunting sling.
The goblin shoots a stone.
The stone misses you.
An orc wizard comes into view. It is wielding a dagger.
Found a scroll labeled AWEW FEZICS.
The goblin unwields an uncursed enchanted hunting sling.
The goblin barely misses you.
Casting: Beastly Appendage
Confirm with . or Enter, or press ? or * to list all spells.
You grow a pair of large bovine horns.
The orc wizard shouts!
You hear a shout!
The goblin barely misses you.
You scratch the goblin. You headbutt the goblin.
You kill the goblin!
The orc wizard casts a spell.
The orc wizard flickers and vanishes for a moment.
Casting: Beastly Appendage
Confirm with . or Enter, or press ? or * to list all spells.
You create a snake!
You now have 31 arrows.
Your magical contamination has completely faded away.
An orc comes into view. It is wielding a club.
Casting: Sticks to Snakes
Confirm with . or Enter, or press ? or * to list all spells.
You create a snake!
You now have 30 arrows.
The orc wizard hits you with a dagger.
* * * LOW HITPOINT WARNING * * *
You scratch the orc wizard.
You bite the orc wizard, but do no damage.
The orc wizard is moderately wounded.
The orc wizard hits you with a dagger.
You die...

#############....#
.................+
... .......#### .....
... ..†....'..##...
?. .......##.##.# #o#
########.....#####.#
... #...........###
#.###....##..o....#
#........##..@...!#
###......##.S.S...#
#.###......##.).....#
#........#.#####..###
######...#..# #..#
#...##.## #..# #...#
..# #..# #...# #.#
#..#
#######...###.###..#


You could see an orc wizard (invisible), an orc and 2 friendly ball pythons.

Vanquished Creatures
  A dart slug (D:3)
  A leopard gecko (D:3)
  2 bats
  4 goblins
  A hobgoblin (D:3)
  2 jackals (D:3)
  2 frilled lizards
  3 rats
16 creatures vanquished.

Notes
Turn   | Place    | Note
-------+----------+-------------------------------------------
     0 | D:1      | tidbits the Felid Transmuter began the quest for the Orb.
     0 | D:1      | Reached XP level 1. HP: 9/9 MP: 4/4
   275 | D:3      | Reached XP level 2. HP: 6/12 MP: 4/6
   279 | D:3      | Reached skill level 3 in Dodging
   288 | D:3      | Learned a level 2 spell: Sticks to Snakes
   384 | D:4      | Noticed Eustachio
   521 | D:3      | HP: 1/12 [orc wizard/dagger (5)]
   522 | D:3      | Slain by an orc wizard

Vault maps used:
D:1:      matt_arrival_spirals
D:2:      chequers_ecumenical_altar_simple
D:3:      first_ration, grunt_dithmenos_smoke_and_mirrors
D:4:      gup_sewer_entry_spiral, minmay_crystal_room, uniq_menkaure,
          uniq_natasha, uniq_pikel, uniq_eustachio, uniq_blork_the_orc

Skill      XL: |  1  2 |
---------------+-------+-----
Dodging        | 3 |  3.1
Fighting       | |  1.4
Unarmed Combat | |  3.2
Spellcasting   | |  2.2
Transmutations | |  2.5

Action                   || total
-------------------------++-------
Melee: Unarmed           ||    42
       Headbutt          ||     3
       Bite              ||     2
 Cast: Beastly Appendage ||     9
       Sticks to Snakes  ||     2
 Stab: Sleeping          ||     2
Armor: Skin              ||     1
Dodge: Dodged            ||    31

Table legend:
 A = Spawn XP
 B = Non-spawn XP
 C = Spawn XP percentage of total XP
 D = Spawn monster count
 E = Non-spawn monster count
 F = Spawn count percentage of total count
 G = Total turns spent on level
                    A         B        C        D         E        F      G
               +---------+---------+-------+---------+---------+-------+---------
         Total |       0 |      29 |   0.0 |       0 |      16 |   0.0 |   522
               +---------+---------+-------+---------+---------+-------+---------
           D:1 |       0 |       6 |   0.0 |       0 |       4 |   0.0 |   172
           D:2 |       0 |       3 |   0.0 |       0 |       2 |   0.0 |    83
           D:3 |       0 |      20 |   0.0 |       0 |      10 |   0.0 |   213
               +---------+---------+-------+---------+---------+-------+---------

Table legend:
 A = Turns spent in this place as a percentage of turns spent in the entire game.
 B = Non-inter-level travel turns spent in this place as a percentage of non-inter-level travel turns spent in the entire game.
 C = Inter-level travel turns spent in this place as a percentage of turns spent in this place.
 D = Turns resting spent in this place as a percentage of non-inter-level travel turns spent in this place.
 E = Turns spent auto-exploring this place as a percentage of non-inter-level travel turns spent in this place.
 F = Non-inter-level travel turns spent in this place divided by the number of levels of this place that you've seen.
                   A       B       C       D       E      F
               +-------+-------+-------+-------+-------+----------------------
         Total | 100.0 | 100.0 |   5.2 |   0.0 |   0.0 | 123.8
       Dungeon | 100.0 | 100.0 |   5.2 |   0.0 |   0.0 | 123.8
               +-------+-------+-------+-------+-------+----------------------

Table legend:
 A = Kills in this place as a percentage of kills in entire the game.
 B = Kills by you in this place as a percentage of kills by you in the entire game.
 C = Kills by friends in this place as a percentage of kills by friends in the entire game.
 D = Other kills in this place as a percentage of other kills in the entire game.
 E = Experience gained in this place as a percentage of experience gained in the entire game.
 F = Experience gained in this place divided by the number of levels of this place that you have seen.
                   A       B       C       D       E      F
               +-------+-------+-------+-------+-------+----------------------
         Total | 100.0 | 100.0 |   N/A |   N/A | 100.0 |   7.2
       Dungeon | 100.0 | 100.0 |   N/A |   N/A | 100.0 |   7.2
               +-------+-------+-------+-------+-------+----------------------

Vault maps used:
D:1:      matt_arrival_spirals
D:2:      chequers_ecumenical_altar_simple
D:3:      first_ration, grunt_dithmenos_smoke_and_mirrors
D:4:      gup_sewer_entry_spiral, minmay_crystal_room, uniq_menkaure,
          uniq_natasha, uniq_pikel, uniq_eustachio, uniq_blork_the_orc
